 Dungeon Crawl Stone Soup version 0.29.0-15-g675c0067aa (webtiles) character file.

Game seed: 7245204643634839629

78 qw the Chopper (level 4, -4/28 HPs)
             Began as a Gargoyle Fighter on Sept 12, 2022.
             Slain by a gnoll
             ... wielding a +0 spear
              (5 damage)
             ... on level 2 of the Dungeon.
             The game lasted 00:00:45 (1971 turns).

qw the Chopper (Gargoyle Fighter)                   Turns: 1971, Time: 00:00:45

Health: -4/28      AC: 10    Str: 21    XL:     4   Next: 36%
Magic:  4/4        EV:  9    Int:  9    God:
Gold:   80         SH:  5    Dex: 15    Spells: 3/3 levels left

rFire   . . .      SeeInvis .   Y - +0 war axe
rCold   + . .      Faith    .   c - +0 buckler
rNeg    + . .      Spirit   .   b - +0 scale mail
rPois   inf        Reflect  .   (no helmet)
rElec   +          Harm     .   (no cloak)
rCorr   .          Rampage  .   (no gloves)
Will    .....                   (no boots)
Stlth   ..........              (no amulet)
HPRegen 0.09/turn               g - +6 ring of dexterity
MPRegen 0.09/turn               i - ring of protection from cold

@: no status effects
A: sickness immunity, AC +3, negative energy resistance 1, electricity
resistance, torment resistance 1, petrification resistance
a: no special abilities


You were on level 2 of the Dungeon.
You visited 1 branch of the dungeon, and saw 2 of its levels.

You collected 80 gold pieces.


Innate Abilities, Weirdness & Mutations

You are immune to sickness and miasma.
Your stone body is resilient. (AC +3)
You are immune to poison.
You resist negative energy. (rN+)
You are resistant to electric shocks. (rElec)
You are resistant to unholy torment.
You are immune to petrification.


   Skills:
 - Level 3.2 Fighting
 + Level 3.6 Axes
 - Level 3.2 Armour
 - Level 1.2 Dodging
 - Level 3.2 Shields


You had 3 spell levels left.
You didn't know any spells.
Your spell library was empty.

Inventory:

Hand Weapons
 k - a +0 mace
 Y - a +0 war axe (weapon)
Armour
 b - a +0 scale mail (worn)
 c - a +0 buckler (worn)
Jewellery
 e - a ring of wizardry
 g - a +6 ring of dexterity (left hand)
 i - a ring of protection from cold (right hand)
Scrolls
 a - a scroll of identify
 n - a scroll of summoning {unknown}
Potions
 d - a potion of might
 f - a potion of invisibility {unknown}
 h - 2 potions of flight {unknown}
 j - 3 potions of attraction {unknown}
 l - a potion of mutation {unknown}
 m - 2 potions of curing {unknown}
 o - a potion of ambrosia {unknown}

Dungeon Overview and Level Annotations

Branches:
Dungeon (2/15)

Altars:


Message History

A gnoll comes into view. It is wielding a +0 flail.
Enter note:
Enter note:
Enter note:
Enter note:
Enter note:
Enter note:
Enter note:
Found 10 gold pieces.
The gnoll hits you with a +0 spear. The gnoll hits you but does no damage.
You closely miss the gnoll. x2
The gnoll hits you with a +0 spear. You block the gnoll's attack.
You hit the gnoll.
The gnoll is moderately wounded.
You closely miss the gnoll. You barely miss the gnoll.
The gnoll hits you with a +0 spear. You block the gnoll's attack.
The gnoll barely misses you.
You barely miss the gnoll.
The gnoll is moderately wounded.
You slash the gnoll! You hit the gnoll. You hit the worm.
The gnoll closely misses you. You block the gnoll's attack. x2
You block the worm's attack. The gnoll hits you with a +0 flail.
The gnoll closely misses you. You block the gnoll's attack.
You slash the gnoll!
You kill the gnoll!
You barely miss the worm. You barely miss the gnoll.
You hit the gnoll but do no damage. The gnoll hits you but does no damage.
The gnoll barely misses you. The worm bites you but does no damage.
You barely miss the gnoll.
The gnoll is moderately wounded.
You hit the gnoll. You hit the worm. You block the gnoll's attack.
The gnoll hits you with a +0 flail! You block the worm's attack.
The gnoll hits you with a +0 spear. The gnoll hits you but does no damage.
You completely miss the gnoll.
The gnoll is severely wounded.
You barely miss the worm. You closely miss the gnoll.
The gnoll hits you with a +0 spear.
You die...

#..... #.........
#.....###.........
######.......#.........
#......>.....'.........
#..........#.#.........
#.......#....###....##.
#.............##....##.
#....g..#.###.##.....##
#....)@.......##......#
#....gw....#####.####.#
#............###.# #..
#.....#####......# ###
#..... #.#.########
#.$... #..........##
#..... ###..........
####.. #......#.##
#......#.##


You could see a worm and 2 gnolls.

Vanquished Creatures
  A gnoll (D:2)
  3 adders (D:2)
  3 dart slugs (D:1)
  3 giant cockroaches (D:1)
  A hobgoblin (D:1)
  3 quokkas (D:1)
  5 ball pythons (D:1)
  3 bats
  3 frilled lizards
  5 goblins
  3 kobolds (D:1)
  7 rats (D:1)
40 creatures vanquished.

Notes
Turn   | Place    | Note
-------+----------+-------------------------------------------
     0 | D:1      | qw the Gargoyle Fighter began the quest for the Orb.
     0 | D:1      | Reached XP level 1. HP: 14/14 MP: 1/1
     0 | D:1      | 0 ||| qw: Version: 0.1-a-119-g272c26d
     0 | D:1      | 0 ||| qw: Game counter: 10754
     0 | D:1      | 0 ||| qw: Always use a shield: true
     0 | D:1      | 0 ||| qw: God list: Okawaru
     0 | D:1      | 0 ||| qw: Allow faded altars: false
     0 | D:1      | 0 ||| qw: Do Orc after D:15 true
     0 | D:1      | 0 ||| qw: Do second Lair branch before Depths: true
     0 | D:1      | 0 ||| qw: Lair rune preference: random
     0 | D:1      | 0 ||| qw: Plans: Normal, Zot, God:TSO, Crypt, Tomb, Pan,
                  | Slime, Hells, Zig, Abyss, Orb
     0 | D:1      | 0 ||| PLANNING D:1-11
   139 | D:1      | 139 ||| Stepping ~*~*~tactically~*~*~ (hiding).
   189 | D:1      | Reached XP level 2. HP: 14/19 MP: 2/2
   417 | D:1      | 417 ||| Stepping ~*~*~tactically~*~*~ (stealth).
   570 | D:1      | Found a faded altar of an unknown god.
   580 | D:1      | Reached skill level 3 in Axes
   671 | D:1      | Reached XP level 3. HP: 23/23 MP: 3/3
   729 | D:1      | 729 ||| Stepping ~*~*~tactically~*~*~ (hiding).
   837 | D:1      | 837 ||| DROPPING +0 club.
  1237 | D:1      | 1237 ||| UPGRADING to +6 ring of dexterity.
  1238 | D:1      | 1238 ||| UPGRADING to ring of protection from cold.
  1239 | D:1      | 1239 ||| READING 3 scrolls labelled FOUNTO ERUCSI.
  1240 | D:1      | 1240 ||| READING 2 scrolls of identify.
  1240 | D:1      | 1240 ||| IDENTIFYING fuming amethyst potion
  1241 | D:1      | 1241 ||| DROPPING potion of magic.
  1300 | D:2      | 1300 ||| Stepping ~*~*~tactically~*~*~ (hiding).
  1304 | D:2      | 1304 ||| Stepping ~*~*~tactically~*~*~ (hiding).
  1306 | D:2      | 1306 ||| Stepping ~*~*~tactically~*~*~ (hiding).
  1473 | D:2      | 1473 ||| Stepping ~*~*~tactically~*~*~ (stealth).
  1654 | D:2      | Reached skill level 1 in Dodging
  1654 | D:2      | Reached XP level 4. HP: 24/28 MP: 4/4
  1970 | D:2      | HP: 4/28 [gnoll/+0 flail (8)]
  1970 | D:2      | HP: 1/28 [gnoll/+0 spear (3)]
  1971 | D:2      | Slain by a gnoll

Levels and vault maps discovered:
D:1:      dpeg_arrival_signposts, layout_loops_ring,
          ebering_ecumenical_altar_box, hangedman_abyss_or_decor_lesser_grid
D:2:      layout_basic, hex_medium, kennysheep_cross_room

Skill      XL: |  1  2  3 |
---------------+----------+-----
Axes           | 2 3 |  3.6
Dodging        | 1 |  1.2
Fighting       | |  3.2
Armour         | |  3.2
Shields        | |  3.2

Action                   |  1- 3 |  4- 6 || total
-------------------------+-------+-------++-------
Melee: War axe           |   103 |     9 ||   112
  Use: Scroll            |     2 |       ||     2
Armor: Scale mail        |    38 |     5 ||    43
Dodge: Dodged            |    61 |     6 ||    67
Block: Buckler           |    22 |     9 ||    31

Table legend:
 A = Non-vault XP
 B = Vault XP
 C = Vault XP percentage of total XP
 D = Non-vault monster count
 E = Vault monster count
 F = Vault count percentage of total count
                 A         B        C        D         E       F
            +---------+---------+-------+---------+---------+-------
      Total |     112 |       0 |   0.0 |      40 |       0 |   0.0
            +---------+---------+-------+---------+---------+-------
        D:1 |      52 |       0 |   0.0 |      32 |       0 |   0.0
        D:2 |      60 |       0 |   0.0 |       8 |       0 |   0.0
            +---------+---------+-------+---------+---------+-------
